 Dungeon Crawl Stone Soup version 0.31.0-11-ge490571c62 (webtiles) character file.

Game seed: 5330888555265768204

182595 croobank the Necromancer (level 17, -7/89 HPs)
             Began as a Felid Summoner on Jan 28, 2024.
             Was an Initiate of Jiyva.
             Mangled by a salamander
             ... wielding a +0 halberd
              (21 damage)
             ... on level 1 of the Snake Pit on Jan 31, 2024.
             The game lasted 03:09:03 (34452 turns).

croobank the Necromancer (Felid Summoner)          Turns: 34452, Time: 03:09:03

Health: -7/89      AC:  3    Str:  6    XL:     17   Next: 71%
Magic:  1/34       EV: 23    Int: 32    God:    Jiyva [......]
Gold:   413        SH:  0    Dex: 16    Spells: 3/40 levels left
                                        Lives:  0   Deaths: 6

rFire   . . .        (weapon unavailable)
rCold   + + .        (shield unavailable)
rNeg    + . .        (body armour unavailable)
rPois   +            (helmet unavailable)
rElec   +            (cloak unavailable)
rCorr   .            (gloves unavailable)
SInv    +            (boots unavailable)
Will    ++...        B - amulet of regeneration
Stlth   ++++         G - +6 ring of intelligence
HPRegen 1.14/turn    f - ring of Eppyt {rElec rPois rC+ rN+}
MPRegen 0.24/turn

%: clarity
@: lethally poisoned (-7 -> -19)
A: very small, claws 1, fangs 3, see invisible, shaggy fur 3, stealthy paws, no
weapons or thrown items, no armour, multi-lived, clarity, subdued magic 1
a: Renounce Religion


You were on level 1 of the Snake Pit.
You worshipped Jiyva.
Jiyva was noncommittal.
You visited 6 branches of the dungeon, and saw 29 of its levels.
You also visited: Volcano.

You collected 2066 gold pieces.
You spent 1653 gold pieces at shops.

Inventory:

Jewellery
 f - the ring of Eppyt (right paw) {rElec rPois rC+ rN+}
   (You acquired it on level 1 of the Dungeon)

   [ring of protection from cold]

   rC+:       It protects you from cold.
   rElec:     It insulates you from electricity.
   rPois:     It protects you from poison rN+: It protects you from negative
   energy.
 h - a ring of flight
 x - a ring of protection from fire
 z - a ring of ice
 B - an amulet of regeneration (around neck)
 C - a ring of resist corrosion
 F - an amulet of the acrobat
 G - a +6 ring of intelligence (left paw)
 I - a +4 ring of protection
 J - a ring of magical power
Wands
 l - a wand of mindburst (45)
 m - a wand of paralysis (30)
 o - a wand of iceblast (24)
 p - a wand of digging (2)
 u - a wand of flame (68)
 w - a wand of polymorph (7)
 H - a wand of acid (9)
Scrolls
 c - 2 scrolls of revelation
 e - a scroll of immolation
 i - a scroll of poison
 j - 13 scrolls of teleportation
 n - 3 scrolls of fear
 q - a scroll of vulnerability
 t - 4 scrolls of identify
 y - 2 scrolls of fog
 M - a scroll of torment
Potions
 a - 4 potions of mutation
 b - 7 potions of curing
 d - a potion of brilliance
 g - 2 potions of ambrosia
 r - a potion of lignification
 s - 6 potions of haste
 v - 5 potions of attraction
 A - a potion of berserk rage
 D - a potion of resistance
 E - 3 potions of cancellation
 K - a potion of enlightenment
 N - 2 potions of might


   Skills:
 - Level 10.0 Fighting
 - Level 10.0 Dodging
 - Level 10.0 Stealth
 - Level 12.0 Spellcasting
 - Level 7.0 Hexes
 - Level 12.0 Summonings
 * Level 20.8 Necromancy
 - Level 5.0 Fire Magic
 - Level 7.0 Air Magic


You had 3 spell levels left.
You knew the following spells:

 Your Spells              Type           Power      Damage    Failure   Level
c - Call Canine Familiar  Summ           65%        N/A       1%          3
d - Summon Blazeheart Go  Fire/Summ      54%        N/A       1%          4
e - Summon Lightning Spi  Summ/Air       57%        N/A       1%          4
f - Summon Mana Viper     Hex/Summ       57%        N/A       1%          5
A - Animate Dead          Necr           87%        N/A       0%          4
D - Death Channel         Necr           43%        N/A       1%          6
H - Haunt                 Necr/Summ      38%        N/A       1%          7
N - Anguish               Hex/Necr       35%        N/A       1%          4

Your spell library contained the following spells:

 Spells                   Type           Power      Damage    Failure   Level
 Kiss of Death            Conj/Necr      100%       2d13      0%          1
 Summon Small Mammal      Summ           100%       N/A       0%          1
 Call Imp                 Summ           100%       N/A       0%          2
 Sublimation of Blood     Necr           87%        N/A       0%          2
 Vampiric Draining        Necr           87%        2d12      0%          3
 Magic Dart               Conj           56%        1d5       1%          1
 Ensorcelled Hibernation  Hex/Ice        64%        N/A       1%          2
 Confusing Touch          Hex            49%        N/A       1%          3
 Dazzling Flash           Conj/Hex       64%        N/A       1%          3
 Summon Ice Beast         Ice/Summ       44%        N/A       1%          3
 Swiftness                Air            49%        N/A       1%          3
 Volatile Blastmotes      Fire/Tloc      54%        2d14      1%          3
 Searing Ray              Conj           28%        2d5       2%          2
 Mephitic Cloud           Conj/Alch/Air  26%        N/A       2%          3
 Passwall                 Erth           14%        N/A       6%          3
 Dispel Undead            Necr           87%        3d28      0%          4
 Curse of Agony           Necr           87%        N/A       0%          5
 Airstrike                Air            24%        2d(4-20)  1%          4
 Borgnjor's Vile Clutch   Necr/Erth      30%        N/A       1%          5
 Silence                  Hex/Air        24%        N/A       2%          5
 Borgnjor's Revivificati  Necr           43%        N/A       2%          8
 Infestation              Necr           43%        N/A       2%          8
 Monstrous Menagerie      Summ           32%        N/A       13%         7
 Fulminant Prism          Conj/Alch      7%         3d7       21%         4
 Iskenderun's Mystic Bla  Conj/Tloc      14%        2d5       21%         4
 Death's Door             Necr           43%        N/A       38%         9
 Iskenderun's Battlesphe  Conj           14%        2d7       52%         5
 Spellforged Servitor     Conj/Summ      22%        N/A       85%         7
 Bombard                  Conj/Erth      7%         9d2       98%         6
 Sculpt Simulacrum        Ice/Alch       7%         N/A       98%         6
 Orb of Destruction       Conj           7%         9d6       100%        7
 Chain Lightning          Conj/Air       16%        3d21      100%        9


Dungeon Overview and Level Annotations

Branches:
Dungeon (15/15)            Temple (1/1) D:7            Lair (5/5) D:8
 Shoals (0/4) Lair:3        Snake (1/4) Lair:2        Slime (5/5) Lair:4
    Orc (2/2) D:12            Elf (0/3) Orc:2        Vaults (0/5) D:13
 Depths (0/4) D:15        Volcano (visited)

Altars:
Ashenzari
Cheibriados
Dithmenos
Elyvilon
Fedhas
Gozag
Hepliaklqana
Kikubaaqudgha
Makhleb
Nemelex Xobeh
Okawaru
Qazlal
Ru
Sif Muna
Trog
Uskayaw
Vehumet
Wu Jian
Xom
Yredelemnul
Zin
The Shining One
Jiyva

Shops:
D:1 *   D:2 ?!(   D:3 [   D:5 *   D:10 !   Orc:2 ((*:([

Portals:
Trove: D:10 (give 16 scrolls of teleportation)

Annotations:
D:10 1 runed translucent door, browni3141's ghost, journeyman MiFi
D:13 3 runed translucent doors, Vext's ghost, journeyman SpEn
Lair:1 1 runed translucent door, dialectric's ghost, journeyman DsFi
Lair:3 2 transporters, Dikli's ghost, journeyman MiBe
Slime:5 Royal Jelly


Innate Abilities, Weirdness & Mutations

You have sharp claws.
You have razor-sharp teeth.
You have supernaturally acute eyesight. (SInv)
Your thick and shaggy fur keeps you warm. (AC +3, rC+)
Your paws help you pounce on unaware monsters.
You are incapable of wielding weapons or throwing items.
You cannot wear armour.
You gain extra lives every three experience levels.
You possess an exceptional clarity of mind.
Your spells are a little easier to cast, but a little less powerful.


Message History

Your blazeheart golem punches the naga!
The naga dies!
Your blazeheart golem falls apart, revealing its core!
Your blazeheart core explodes!
The fiery explosion engulfs your mana viper!!!
Your mana viper disappears in a puff of smoke!
You hear a shout! x2
You swap places.
Casting: Anguish (safe; 1% risk of failure)
Confirm with . or Enter, or press ? or * to list all spells.
A fiery spirit appears, bound in slag iron.
The salamander hits you from afar with a +0 halberd!
You are engulfed in flames!
The jelly is engulfed in blazing flames.
A guardian serpent comes into view.
The salamander completely misses you.
A naga warrior comes into view.
It is wielding a +0 scimitar and wearing a +0 tower shield of protection.
Your blazeheart golem punches the salamander!
You hear a slurping noise.
You swap places.
The guardian serpent completely misses you.
The salamander hits you with a +0 halberd!!
You are engulfed in flames!
* * * LOW HITPOINT WARNING * * *
The guardian serpent misses you.
Casting: Summon Blazeheart Golem (safe; 1% risk of failure)
Confirm with . or Enter, or press ? or * to list all spells.
Casting: Anguish (safe; 1% risk of failure)
Press: ? - help, Dir - look around, f - activate The naga zombie is unaffected.
The guardian serpent is haunted by guilt!
The naga warrior resists with almost no effort.
The salamander is haunted by guilt!
The naga warrior spits poison at you. The splash of poison hits you.
You are poisoned.
You resist.
* * * LOW HITPOINT WARNING * * *
The salamander hits you with a +0 halberd!!
You die...

......#... $...##.
.......) ......#
#..#)###.#..#.#
#...)#...†....
##.°.J..# ##..#.##
##..Z.# .###.9.##
...###N@.####
.......S.....#
.............####.
..............N...
..................
....#......######.
.. .#####.....#
...## ##....#
......######...##


You could see a naga warrior (catching breath), a salamander (ally target,
anguished), a guardian serpent (anguished), a naga zombie, a neutral jelly
(wandering) (fellow slime) and a friendly blazeheart golem (summoned).

Vanquished Creatures
  Gastronok (D:8)
  5 acid blobs
  A rockslime (Slime:5)
  An orc warlord (Orc:2)
  2 formless jellyfish
  4 vault guards (D:13)
  Harold (D:11)
  A great orb of eyes (Slime:4)
  A hydra (D:12)
  A rakshasa (D:14)
  An ogre mage (D:15)
  3 two-headed ogres
  A boulder beetle (D:15)
  A centaur warrior (D:15)
  3 death yaks
  2 tengu warriors (D:15)
  2 orc high priests
  Nergalle (Orc:2)
  8 skeletal warriors
  Amaemon (D:8)
  A glowing orange brain (D:15)
  A lindwurm (Volcano)
  2 orc knights (Orc:2)
  3 ugly things
  An orc sorcerer (Orc:2)
  2 cyclopes (D:11)
  5 manticores
  A cyclops (shapeshifter) (D:15)
  4 elephants (Lair:3)
  2 centaur zombies
  2 black mambas
  4 cane toads
  An orange demon (D:8)
  A mana viper zombie (Snake:1)
  5 komodo dragons
  A freezing wraith (D:14)
  8 trolls
  4 human zombies (D:13)
  A polar bear (Lair:4)
  A blink frog (Lair:2)
  18 slime creatures
  A shadow (D:11)
  2 black mamba zombies
  30 yaks
  3 wraiths
  A wyvern (Lair:2)
  A slime creature zombie (D:15)
  2 basilisks (Lair:5)
  8 vampire mosquitoes
  2 wargs
  An ogre zombie (D:15)
  A naga (Snake:1)
  2 two-headed ogre zombies (D:15)
  A cane toad zombie (Lair:2)
  3 water moccasins
  14 orc warriors
  An ice beast (D:5)
  A laughing skull (D:14)
  A black bear (D:7)
  An elephant zombie (Lair:3)
  4 wolves
  2 ogres
  2 sky beasts (D:7)
  A centaur (D:10)
  A kobold brigand (D:7)
  A komodo dragon zombie (Lair:1)
  A bullfrog (Lair:1)
  2 water moccasin zombies
  4 yak zombies (Lair:2)
  3 killer bees (D:8)
  A wolf zombie (Lair:3)
  3 howler monkeys (D:9)
  An orc priest (D:12)
  A gnoll bouda (D:9)
  5 orc wizards
  2 naga zombies (Snake:1)
  3 gnolls
  4 orc zombies (Orc:2)
  A shadow imp (D:6)
  A dart slug (D:1)
  15 orcs
  2 endoplasms (D:4)
  A giant cockroach (D:4)
  2 goblins (D:2)
  3 training dummies (Orc:2)
  5 kobolds
  A rat (D:1)
257 creatures vanquished.

Vanquished Creatures (collateral kills)
  Dissolution (Slime:3)
  Jorgrun (D:12)
  11 acid blobs
  6 azure jellies
  7 rockslimes
  9 quicksilver oozes
  6 formless jellyfish
  2 great orbs of eyes (Slime:5)
  Erolcha (Orc:2)
  A rakshasa (D:15)
  4 vault guards (D:13)
  2 centaur warriors
  An ogre mage (D:15)
  A catoblepas (D:14)
  2 boulder beetles
  9 two-headed ogres
  2 anacondas (Snake:1)
  2 death yaks (Lair:4)
  A tengu warrior (D:13)
  An orc high priest (Orc:1)
  A shock serpent (Snake:1)
  A naga sharpshooter (Snake:1)
  2 skeletal warriors (D:15)
  A glowing orange brain (Slime:3)
  A mana viper (Snake:1)
  A deep elf pyromancer (D:10)
  2 orc knights
  A harpy (shapeshifter) (D:13)
  7 ugly things
  4 shining eyes
  An oklob plant (Lair:3)
  3 cyclopes
  A manticore (D:12)
  2 salamanders
  An elephant (Lair:3)
  A guardian serpent (Snake:1)
  A merfolk siren (Lair:3)
  2 cane toads (Lair:2)
  2 eyes of devastation
  3 black mambas
  3 naga magi (Snake:1)
  Jeremiah (D:8)
  2 komodo dragons
  A nameless horror (Slime:1)
  A tengu conjurer (D:13)
  A polar bear (Lair:4)
  A troll (D:9)
  4 blink frogs
  Sigmund (D:3)
  78 slime creatures
  A glass eye (Slime:4)
  A spriggan (shapeshifter) (D:14)
  A black mamba zombie (Lair:5)
  2 wyverns
  11 yaks
  2 basilisks
  2 fire bats (Volcano)
  4 vampire mosquitoes (D:13)
  2 wargs (Orc:2)
  11 golden eyes
  7 nagas (Snake:1)
  14 water moccasins
  A black bear (Lair:1)
  2 ice beasts
  16 orc warriors
  A laughing skull (D:14)
  5 wolves
  7 centaurs
  9 ogres
  4 kobold brigands
  11 bullfrogs
  4 scorpions
  4 jellies
  A naga zombie (Snake:1)
  2 killer bees (D:8)
  2 howler monkeys
  3 lava snakes (Lair:2)
  16 orc priests
  3 gnoll boudas
  6 hounds
  2 sleepcaps
  5 iguanas
  27 orc wizards
  Robin (D:2)
  15 gnolls
  10 adders
  2 shadow imps
  2 white imps
  2 dart slugs
  A ribbon worm (D:2)
  59 orcs
  4 bats
  7 endoplasms
  17 goblins
  2 hobgoblins
  3 jackals (D:2)
  3 quokkas
  2 ball pythons (D:1)
  A frilled lizard (D:3)
  22 kobolds
  An orc zombie (Orc:2)
  4 rats
548 creatures vanquished.

Vanquished Creatures (others)
  7 acid blobs
  7 rockslimes
  5 azure jellies
  4 quicksilver oozes
  2 rockslime zombies (Slime:5)
  An acid blob zombie (Slime:5)
  A hydra (Lair:5)
  2 centaur warriors
  5 two-headed ogres
  A hell hog (Volcano)
  5 quicksilver ooze zombies
  An azure jelly zombie (Slime:3)
  A skeletal warrior (D:15)
  A lindwurm (Volcano)
  A hell hog zombie (Volcano)
  6 ugly thing zombies (D:15)
  An orc knight (Orc:1)
  An ugly thing (D:15)
  3 salamanders (Volcano)
  A jelly zombie (Slime:3)
  A guardian serpent (Snake:1)
  2 black mambas
  A shock serpent zombie (Snake:1)
  2 formless jellyfish zombies
  2 cane toads
  A rime drake (Lair:3)
  Psyche (D:10)
  An efreet (D:15)
  2 trolls
  2 great orb of eyes zombies
  A polar bear (Lair:3)
  2 hydra zombies
  6 blink frogs
  A wyvern (Lair:5)
  2 yaks
  21 slime creatures
  14 slime creature zombies
  A black mamba zombie (Snake:1)
  A naga (Snake:1)
  3 ogre zombies (D:15)
  10 two-headed ogre zombies
  A cane toad zombie (Lair:5)
  2 tengu zombies (D:13)
  2 fire bat zombies (Volcano)
  A hell hound (Volcano)
  An elephant zombie (Lair:3)
  A manticore zombie (D:14)
  8 orc warriors
  2 lindwurm zombies (Volcano)
  An ogre (D:15)
  2 centaurs (D:15)
  3 salamander zombies (Volcano)
  2 komodo dragon zombies
  A wyvern zombie (Lair:4)
  2 warg zombies
  3 water moccasin zombies
  A polar bear zombie (Lair:4)
  A troll zombie (D:14)
  12 jellies (Snake:1)
  6 yak zombies
  A wolf zombie (Lair:3)
  4 bullfrog zombies
  6 centaur zombies (D:15)
  2 orc priests (Orc:2)
  A basilisk zombie (Lair:5)
  3 orc wizards
  A naga zombie (Snake:1)
  11 orcs
  24 orc zombies
  141 blazeheart cores
379 creatures vanquished.

Grand Total: 1184 creatures vanquished

Notes
Turn   | Place    | Note
-------+----------+-------------------------------------------
     0 | D:1      | croobank the Felid Summoner began the quest for the Orb.
     0 | D:1      | Reached XP level 1. HP: 9/9 MP: 4/4
   287 | D:1      | Reached XP level 2. HP: 7/13 MP: 1/6
   290 | D:1      | Learned a level 2 spell: Call Imp
   832 | D:1      | Found Waoph's Assorted Antiques.
   840 | D:1      | Bought an inky potion for 17 gold pieces
   840 | D:1      | Bought a scroll labelled HUQEFO IHOPP for 19 gold pieces
   840 | D:1      | Bought a black potion for 17 gold pieces
   875 | D:2      | Noticed Robin
  1035 | D:2      | Reached XP level 3. HP: 16/16 MP: 3/7
  1217 | D:2      | Learned a level 3 spell: Call Canine Familiar
  1496 | D:2      | Killed Robin
  1497 | D:2      | Reached XP level 4. HP: 19/21 MP: 0/8
  1497 | D:2      | Gained a life (2 lives remaining)
  1579 | D:2      | Found a faded altar of an unknown god.
  1580 | D:2      | Found Getequl's Distillery.
  1590 | D:2      | Bought a potion of heal wounds for 50 gold pieces
  1590 | D:2      | Bought a potion of degeneration for 10 gold pieces
  1682 | D:2      | Found a stormy altar of Qazlal.
  1712 | D:2      | Found Buwoimux's Weapon Emporium.
  1759 | D:2      | Found Fyurhuix's Magic Scroll Boutique.
  1813 | D:3      | Noticed Sigmund
  1843 | D:3      | Killed Sigmund
  1844 | D:3      | Reached skill level 5 in Stealth
  1844 | D:3      | Reached skill level 5 in Summonings
  1844 | D:3      | Reached XP level 5. HP: 24/24 MP: 1/10
  2128 | D:3      | Gained mutation: You are covered in thick fur. (AC +2)
                  | [Felid growth]
  2128 | D:3      | Reached XP level 6. HP: 28/28 MP: 8/12
  2133 | D:3      | Learned a level 4 spell: Summon Blazeheart Golem
  2206 | D:3      | Reached skill level 5 in Dodging
  2235 | D:3      | Found Zymmuloxae's Armour Shop.
  2713 | D:3      | Found a bloodstained altar of Trog.
  2715 | D:3      | Found a white marble altar of Elyvilon.
  2731 | D:3      | HP: 1/28 [orc priest/divine providence (16)]
  2805 | D:3      | Found a shimmering altar of Xom.
  2805 | D:3      | Found a blossoming altar of Fedhas.
  2805 | D:3      | Found a shimmering blue altar of Sif Muna.
  2805 | D:3      | Found a shadowy altar of Dithmenos.
  2806 | D:3      | Found an opulent altar of Gozag.
  2806 | D:3      | Found a sacrificial altar of Ru.
  2808 | D:3      | Found a glowing golden altar of the Shining One.
  2995 | D:4      | Reached skill level 1 in Fire Magic
  3161 | D:4      | Reached XP level 7. HP: 24/32 MP: 9/13
  3847 | D:5      | Entered Level 5 of the Dungeon
  4091 | D:5      | Found Goref's Overcharged Wands.
  4101 | D:5      | Reached XP level 8. HP: 36/36 MP: 11/15
  5462 | D:6      | Reached skill level 5 in Spellcasting
  6237 | D:7      | Reached XP level 9. HP: 39/39 MP: 14/17
  6262 | D:7      | Learned a level 4 spell: Summon Lightning Spire
  6639 | D:7      | Found a staircase to the Ecumenical Temple.
  6657 | Temple   | Entered the Ecumenical Temple
  6673 | Temple   | Became a worshipper of Kikubaaqudgha
  7694 | D:8      | Noticed Gastronok
  7714 | D:8      | Killed Gastronok
  7829 | D:8      | Killed from afar by an orc priest
  7829 | D:8      | Lost a life (1 life remaining)
  7832 | D:8      | Found a staircase to the Lair.
  7855 | D:8      | Reached XP level 10. HP: 47/47 MP: 16/20
  7855 | D:8      | Gained a life (2 lives remaining)
  7868 | D:8      | Reached skill level 5 in Fire Magic
  7871 | D:8      | Noticed Amaemon
  7881 | D:8      | Noticed an orange demon
  7886 | D:8      | Killed Amaemon
  7887 | D:8      | Reached skill level 10 in Stealth
  7894 | D:8      | Killed an orange demon
  7906 | D:8      | Reached * piety under Kikubaaqudgha
  7906 | D:8      | Received a gift from Kikubaaqudgha
  8143 | D:8      | Noticed a two-headed ogre
  8151 | D:8      | Killed a two-headed ogre
  8318 | D:8      | Noticed Jeremiah
  8345 | D:8      | Killed Jeremiah
  8357 | Lair:1   | Entered Level 1 of the Lair of Beasts
  8792 | D:9      | Reached skill level 10 in Dodging
  8906 | D:9      | Reached XP level 11. HP: 54/54 MP: 3/22
  8997 | D:9      | Noticed a two-headed ogre
  9012 | D:9      | Killed a two-headed ogre
  9075 | D:9      | Reached skill level 5 in Fighting
  9282 | D:9      | Reached ** piety under Kikubaaqudgha
  9833 | D:9      | You fall into a shaft and drop 2 floors!
  9871 | D:10     | Entered Level 10 of the Dungeon
  9912 | D:10     | Reached skill level 5 in Air Magic
 10430 | D:10     | Found a portal to a secret trove of treasure.
 10455 | D:10     | Found Cakikkuy's Distillery.
 10487 | D:10     | Bought a potion of resistance for 140 gold pieces
 10487 | D:10     | Bought a potion of cancellation for 112 gold pieces
 10513 | D:10     | Noticed browni3141's ghost (journeyman MiFi)
 10520 | D:10     | Found a runed translucent door.
 10531 | D:10     | Identified the +0 rapier of Collusion {heavy, Int+4}
 10630 | D:10     | Noticed a deep elf pyromancer
 10641 | D:10     | Killed a deep elf pyromancer
 10754 | D:10     | Noticed Psyche
 10777 | D:10     | Killed Psyche
 11378 | D:11     | Noticed Harold
 11403 | D:11     | Killed Harold
 11493 | D:11     | Reached *** piety under Kikubaaqudgha
 11493 | D:11     | Received a gift from Kikubaaqudgha
 11580 | D:11     | Learned a level 4 spell: Animate Dead
 11628 | D:11     | Reached skill level 1 in Necromancy
 11787 | D:11     | Noticed a boulder beetle
 11809 | D:11     | Killed a boulder beetle
 11810 | D:11     | Reached skill level 2 in Necromancy
 11858 | D:11     | Learned a level 4 spell: Anguish
 12107 | D:11     | Reached skill level 1 in Hexes
 12107 | D:11     | Gained mutation: Your thick and shaggy fur keeps you warm.
                  | (AC +3, rC+) [Felid growth]
 12107 | D:11     | Reached XP level 12. HP: 35/62 MP: 22/25
 12426 | D:12     | Annihilated by an enormous slime creature
 12426 | D:12     | Lost a life (1 life remaining)
 12473 | D:12     | Noticed Jorgrun
 12476 | D:12     | Reached skill level 3 in Necromancy
 12486 | D:12     | Killed from afar by Jorgrun
 12486 | D:12     | Lost a life (0 lives remaining)
 12726 | D:1      | Bought a scroll of identify for 38 gold pieces
 12726 | D:1      | Bought a scroll labelled LEWIUN CIPHOA for 19 gold pieces
 12730 | D:1      | Identified a scroll of acquirement
 12730 | D:1      | Acquired the ring of Eppyt {rElec rPois rC+ rN+}
 12904 | Lair:1   | Reached skill level 10 in Summonings
 13309 | Lair:1   | Found a runed translucent door.
 13310 | Lair:1   | Noticed a seven-headed hydra
 13313 | Lair:1   | Noticed dialectric's ghost (journeyman DsFi)
 13698 | Lair:1   | Reached skill level 4 in Necromancy
 14654 | Lair:2   | Reached **** piety under Kikubaaqudgha
 14840 | Lair:2   | Identified the +8 dagger of Nack {elec, Will+}
 14886 | Lair:2   | Reached skill level 5 in Necromancy
 15347 | Lair:2   | Reached skill level 5 in Hexes
 15512 | Lair:2   | Found a staircase to the Snake Pit.
 16137 | Lair:3   | Reached skill level 6 in Necromancy
 16186 | Lair:3   | Reached XP level 13. HP: 33/68 MP: 19/27
 16186 | Lair:3   | Gained a life (1 life remaining)
 16563 | Lair:3   | Found a transporter.
 16569 | Lair:3   | Found a transporter.
 16575 | Lair:3   | Found a bloodstained altar of Trog.
 16576 | Lair:3   | Noticed Dikli's ghost (journeyman MiBe)
 16885 | Lair:3   | Found a staircase to the Shoals.
 16887 | Lair:3   | Reached skill level 7 in Necromancy
 17579 | D:2      | Bought a scroll of identify for 20 gold pieces
 17579 | D:2      | Bought a scroll of identify for 20 gold pieces
 17579 | D:2      | Bought a scroll of teleportation for 30 gold pieces
 17579 | D:2      | Bought a scroll of identify for 20 gold pieces
 17579 | D:2      | Bought a scroll of identify for 20 gold pieces
 17579 | D:2      | Bought a scroll of torment for 95 gold pieces
 17610 | D:2      | Bought a potion of might for 40 gold pieces
 17611 | D:2      | Bought a potion of heal wounds for 50 gold pieces
 17907 | Lair:4   | Found a staircase to the Slime Pits.
 17925 | Lair:4   | Learned a level 5 spell: Summon Mana Viper
 18274 | Lair:4   | Found a dark tunnel.
 18280 | Volcano  | Entered a volcano
 18335 | Volcano  | HP: 1/69 [two-headed ogre/+2 great mace of flaming (23)]
 18335 | Volcano  | Slain by a two-headed ogre
 18335 | Volcano  | Lost a life (0 lives remaining)
 19124 | Lair:4   | Reached skill level 8 in Necromancy
 19616 | Lair:4   | Reached skill level 10 in Spellcasting
 19983 | Lair:5   | Entered Level 5 of the Lair of Beasts
 19995 | Lair:4   | Learned a level 6 spell: Death Channel
 20952 | D:11     | Reached skill level 9 in Necromancy
 21301 | D:12     | Killed Jorgrun
 21793 | D:12     | Reached XP level 14. HP: 75/75 MP: 13/29
 21793 | D:12     | Gained a life (1 life remaining)
 22858 | D:12     | Found a staircase to the Orcish Mines.
 23312 | D:13     | Noticed Vext's ghost (journeyman SpEn)
 23312 | D:13     | Found a runed translucent gate.
 23312 | D:13     | Found a runed translucent gate.
 23312 | D:13     | Found a runed translucent gate.
 23315 | D:13     | Got Adaol's Disquisition on Hazy Reformation
 23368 | Orc:1    | Entered Level 1 of the Orcish Mines
 23840 | Orc:1    | Reached ***** piety under Kikubaaqudgha
 24132 | Orc:1    | Reached skill level 10 in Necromancy
 24295 | Orc:2    | Entered Level 2 of the Orcish Mines
 24638 | Orc:2    | Noticed an orc warlord
 24655 | Orc:2    | Killed an orc warlord
 24828 | Orc:2    | Noticed Erolcha
 24838 | Orc:2    | Killed Erolcha
 24839 | Orc:2    | Reached skill level 10 in Fighting
 24848 | Orc:2    | Noticed Nergalle
 24860 | Orc:2    | Killed Nergalle
 24874 | Orc:2    | Your ally Nergalle died
 25016 | Orc:2    | Found Yriesul's Antique Armour Shoppe.
 25052 | Orc:2    | Found Nell's Antique Weapon Shoppe.
 25343 | Orc:2    | Found Aphol's Weapon Emporium.
 25433 | Orc:2    | Found Walotu's Firing Range.
 25632 | Orc:2    | Found Kanes's General Store.
 25638 | Orc:2    | Bought a potion of might for 64 gold pieces
 25638 | Orc:2    | Bought a scroll of identify for 32 gold pieces
 25675 | Orc:2    | Found Biduluce's Book Shoppe.
 25733 | Orc:2    | Found a staircase to the Elven Halls.
 26066 | D:10     | Bought a potion of experience for 700 gold pieces
 26066 | D:10     | Bought a potion of haste for 140 gold pieces
 26089 | D:11     | Reached skill level 11 in Necromancy
 26089 | D:11     | Reached XP level 15. HP: 80/80 MP: 29/31
 26533 | D:13     | Reached skill level 12 in Necromancy
 26968 | D:13     | Found a blossoming altar of Fedhas.
 27124 | D:13     | Found a gate to the Vaults.
 27783 | D:14     | Reached skill level 13 in Necromancy
 28340 | D:14     | HP: 1/80 [skeletal warrior/+0 flail (14)]
 28750 | D:15     | Entered Level 15 of the Dungeon
 28862 | D:15     | Reached skill level 14 in Necromancy
 28862 | D:15     | Reached XP level 16. HP: 41/85 MP: 6/33
 28862 | D:15     | Gained a life (2 lives remaining)
 29655 | D:15     | Reached skill level 15 in Necromancy
 29945 | D:15     | Found a shadowy altar of Dithmenos.
 30794 | D:15     | Found a staircase to the Depths.
 30855 | D:15     | Reached ****** piety under Kikubaaqudgha
 30856 | D:15     | Reached skill level 16 in Necromancy
 30856 | D:15     | Received a gift from Kikubaaqudgha (forbidden knowledge)
 31213 | Lair:4   | Learned a level 7 spell: Haunt
 31216 | Slime:1  | Entered Level 1 of the Pits of Slime
 31862 | Slime:2  | Noticed an acid blob
 31865 | Slime:2  | Noticed an acid blob
 31867 | Slime:2  | Killed an acid blob
 31869 | Slime:2  | Killed an acid blob
 32108 | Slime:2  | Noticed an acid blob
 32115 | Slime:2  | Killed an acid blob
 32116 | Slime:2  | Reached skill level 17 in Necromancy
 32117 | Slime:2  | Noticed an acid blob
 32122 | Slime:2  | Killed an acid blob
 32364 | Slime:3  | Noticed Dissolution
 32370 | Slime:3  | Annihilated by a rockslime
 32370 | Slime:3  | Lost a life (1 life remaining)
 32386 | Slime:3  | Killed Dissolution
 32394 | Slime:3  | Reached skill level 18 in Necromancy
 32403 | Slime:3  | Your ally Dissolution died
 32407 | Slime:3  | Reached XP level 17. HP: 53/89 MP: 3/34
 32645 | Slime:4  | Noticed an acid blob
 32650 | Slime:4  | Gained mutation: You possess an exceptional clarity of
                  | mind. [a shining eye]
 32651 | Slime:4  | Noticed an acid blob
 32654 | Slime:4  | Mangled by an acid blob
 32654 | Slime:4  | Lost a life (0 lives remaining)
 32655 | Slime:4  | Noticed an acid blob
 32661 | Slime:4  | Killed an acid blob
 32722 | Slime:4  | Reached skill level 19 in Necromancy
 33188 | Slime:5  | Entered Level 5 of the Pits of Slime
 33233 | Slime:5  | Noticed an acid blob
 33236 | Slime:5  | Killed an acid blob
 33335 | Slime:5  | Reached skill level 20 in Necromancy
 33338 | Slime:5  | Gained mutation: Your spells are a little easier to cast,
                  | but a little less powerful. [a shining eye]
 33372 | Slime:5  | Noticed an acid blob
 33378 | Slime:5  | Killed an acid blob
 33430 | Slime:5  | Found the necklace of Bloodlust {Fury *Rage Will++ Int-3
                  | Slay+6}
 33542 | Slime:5  | Noticed an acid blob
 33543 | Slime:5  | Noticed an acid blob
 33546 | Slime:5  | Killed an acid blob
 33548 | Slime:5  | Noticed an acid blob
 33551 | Slime:5  | Noticed an acid blob
 33553 | Slime:5  | Noticed an acid blob
 33553 | Slime:5  | Killed an acid blob
 33554 | Slime:5  | Noticed an acid blob
 33557 | Slime:5  | Killed an acid blob
 33558 | Slime:5  | Noticed the Royal Jelly
 33708 | Slime:5  | Found a viscous altar of Jiyva.
 33816 | Slime:5  | Fell from the grace of Kikubaaqudgha
 33816 | Slime:5  | Became a worshipper of Jiyva Jeumpaps the Shapeless
 33833 | Slime:5  | Found the +8 trishula "Condemnation" {holy, anguish, *Noise
                  | Fly rN+}
 34232 | Snake:1  | Entered Level 1 of the Snake Pit
 34452 | Snake:1  | Mangled by a salamander

Illustrated notes

Levels and vault maps discovered:
D:1:      roadster_arrival_rocket_small, layout_rooms, serial_shops,
          nicolae_square_shop, chequers_garden
D:2:      layout_rooms, basic_altar, hellmonk_ecumenical_altar_leap_of_faith,
          serial_shops, nicolae_shop_industrial_runoff,
          nicolae_shop_bloodbath_and_beyond, nicolae_shop_rolled_up, uniq_robin
D:3:      layout_basic, minitemple, serial_shops,
          nicolae_shop_pleasant_corner_grove, hangedman_abyss_or_decor_stabs,
          serial_bayou_pond_e, uniq_sigmund
D:4:      layout_gridville
D:5:      layout_gridville, nicolae_shop_overcharged_wands
D:6:      layout_basic, serial_glass, glass_columns_c, glass_columns_a
D:7:      layout_layer_cave, temple_green, hangedman_minor_gate_pass
D:8:      layout_rooms, lair_entry_dummy, uniq_jeremiah, uniq_gastronok,
          uniq_amaemon
D:9:      kennysheep_seaside_town, layout_cave_pools
D:10:     layout_loops_cross, hellmonk_ghost_big_iron,
          nicolae_trove_entry_isolated, serial_shops, shop, uniq_psyche
D:11:     layout_irregular_city, grunt_ministairs_2, nicolae_tricolors,
          uniq_harold
D:12:     layout_roguey, david_orc_1_choice, gauntlet_entry_generic,
          uniq_jorgrun
D:13:     layout_big_octagon, erik_vaults_2, gammafunk_ghost_hydra_chop,
          fedhas_altar_4
D:14:     layout_loops_ring, minmay_misc_feat_tiny
D:15:     gammafunk_enter_depths_forms, layout_irregular_city,
          hangedman_decor_diamond_cutter, grunt_dithmenos_smoke_and_mirrors
Temple:   dshaligram_water_room_temple
Lair:1:   layout_layer_cave, ebering_ghost_inner_flame, serial_forest,
          infiniplex_forest_clump_small, infiniplex_forest_clump_cross,
          infiniplex_forest_lined_ring, infiniplex_forest_lined_2,
          infiniplex_forest_clump_tiny, grunt_megastairs_3
Lair:2:   layout_cave_shapes, nicolae_snake_entry_warm_welcome,
          beast_lair_carwin_8
Lair:3:   layout_cave_pods, minmay_shoals_entry_lonely_mermaid,
          gammafunk_ghost_wrathful_warriors, grunt_megastairs_4
Lair:4:   layout_cave_pods, slime_entry_1, enter_volcano_4,
          cheibrodos_lair_reptile_den, serial_bayou_shore_b,
          serial_bayou_shore_b
Lair:5:   evilmike_catoblepas_cave, layout_misc_corridors, grunt_megastairs_1
Snake:1:  layout_layer_cave, hangedman_snake_corridor_cut
Slime:1:  layout_caves, cheibrodos_slime_lost_civilization_4
Slime:2:  layout_caves
Slime:3:  layout_caves, dissolution_awaits
Slime:4:  layout_caves
Slime:5:  slime_pit_nicolae_amoeboid
Orc:1:    layout_caves
Orc:2:    grunt_orc_cross, layout_diamond_mine, serial_shops, shop,
          nicolae_shop_firing_range

Skill      XL: |  1  2  3  4  5  6  7  8  9 10 11 12 13 14 15 16 17 |
---------------+----------------------------------------------------+-----
Stealth        | 3 5 6 8 9 10 | 10.0
Dodging        | 3 4 5 6 7 8 10 | 10.0
Spellcasting   | 3 4 5 6 7 8 9 10 11 12 | 12.0
Summonings     | 5 6 7 8 9 10 11 12 | 12.0
Fire Magic     | 1 2 3 4 5 |  5.0
Fighting       | 2 4 6 8 9 10 | 10.0
Air Magic      | 2 4 6 7 |  7.0
Necromancy     | 2 6 9 11 14 18 20 | 20.8
Hexes          | 1 5 7 |  7.0

Action                     |  1- 3 |  4- 6 |  7- 9 | 10-12 | 13-15 | 16-18 || total
---------------------------+-------+-------+-------+-------+-------+-------++-------
  Melee: Unarmed           |    23 |     9 |    32 |    69 |    74 |    49 ||   256
         Bite              |     5 |       |     3 |    17 |    13 |     7 ||    45
         Punch             |       |       |     1 |     2 |       |     1 ||     4
   Cast: Summon Small Mamm |    40 |    19 |    29 |    12 |     2 |       ||   102
         Call Imp          |    16 |    10 |    16 |     7 |     6 |       ||    55
         Call Canine Famil |     3 |    10 |    13 |    19 |    10 |     3 ||    58
         Summon Blazeheart |       |     1 |    32 |    77 |    78 |    32 ||   220
         Summon Lightning  |       |       |     3 |    38 |    49 |    25 ||   115
         Anguish           |       |       |       |    11 |    63 |    24 ||    98
         Animate Dead      |       |       |       |     7 |    31 |    13 ||    51
         Summon Mana Viper |       |       |       |       |     8 |     4 ||    12
         Death Channel     |       |       |       |       |    24 |    24 ||    48
         Haunt             |       |       |       |       |       |    12 ||    12
 Invoke: Unearth Wretches  |       |       |       |       |     6 |    21 ||    27
         Receive Forbidden |       |       |       |       |       |     1 ||     1
  Evoke: Wand              |       |     2 |       |     1 |    10 |     4 ||    17
    Use: Potion            |     3 |     4 |       |     3 |     5 |     3 ||    18
         Scroll            |       |       |     5 |     9 |    15 |     4 ||    33
   Stab: Sleeping          |       |     4 |     4 |     3 |     2 |       ||    13
         Paralysed         |       |     1 |       |       |    10 |    22 ||    33
         Distracted        |       |       |     2 |     2 |     4 |     2 ||    10
 Armour: Skin              |    10 |     3 |    38 |    92 |   134 |    73 ||   350
  Dodge: Dodged            |    40 |    10 |   100 |   213 |   227 |   129 ||   719
